 Dungeon Crawl Stone Soup version 0.19.0 (webtiles) character file.

107 Cacophonie the Cudgeler (level 4, -3/35 HPs)
             Began as a Demonspawn Abyssal Knight on Nov 8, 2016.
             Was a Believer of Lugonu.
             Slain by Grinder (4 damage)
             ... while paralysed by Grinder
             ... on level 3 of the Dungeon.
             The game lasted 00:09:06 (2153 turns).

Cacophonie the Cudgeler (Demonspawn Abyssal Knight) Turns: 2153, Time: 00:09:06

Health: -3/35      AC:  8    Str: 12    XL:     4   Next: 57%
Magic:  5/5        EV:  2    Int: 14    God:    Lugonu [**....]
Gold:   178        SH:  0    Dex: 13    Spells: 0 memorised, 3 levels left

rFire  . . .     SeeInvis .     a - +1 mace
rCold  . . .     Gourm    .     n - +0 ring mail
rNeg   . . .     Faith    .     (no shield)
rPois  .         Spirit   .     (no helmet)
rElec  .         Reflect  .     i - +0 cloak {+Inv}
rCorr  .         Harm     .     (no gloves)
MR     .....                    (no boots)
Stlth  ..........               k - amulet of magic regeneration
                                (no ring)
                                l - ring of loudness (curse)

@: paralysed
A: yellow scales 1, spiny 1
a: Depart the Abyss, Bend Space, Renounce Religion, Evoke Invisibility


You were on level 3 of the Dungeon.
You worshipped Lugonu.
Lugonu was pleased with you.
You were not hungry.

You visited 1 branch of the dungeon, and saw 3 of its levels.
You visited the Abyss 1 time.

You collected 178 gold pieces.


Message History

You completely miss Grinder!
Grinder is heavily wounded!
You crush Grinder like a grape!
Grinder is heavily wounded!
Grinder misses you!
You closely miss Grinder!
Grinder is heavily wounded!
Grinder barely misses you!
You hammer Grinder like a gong!
Grinder is severely wounded!
Grinder gestures at you!
You suddenly lose the ability to move!!!
Grinder hits you!!! * * * don't die
* * * You writhe in agony! * * * don't die
* * * Grinder is struck by your spines!
Grinder hits you!!! * * * don't die
* * * You writhe in agony! rip

# #..#..####.#
#.....####.## .K#.
#........#..###
#..%.!#........##...#
##...............####.#####
#................# #.....#
#.....$..........# #...).#
#..............5.####.....#
....!..?........@.........#
..............$.#####.....#
................# #.....#
##.............## #.....#
#.....#.....# #.....#
########### #######


You could see Grinder.

Inventory:

Hand Weapons
 a - a +1 mace (weapon)
 p - a +0 blowgun
Missiles
 e - 62 stones (quivered)
 q - 15 poisoned needles
Armour
 b - a +0 leather armour
 h - a +0 chain mail
 i - a +0 cloak of invisibility (worn)
 n - a +0 ring mail (worn)
Jewellery
 k - an amulet of magic regeneration (around neck)
 l - a cursed ring of loudness (left hand)
Wands
 g - a wand of slowing (35/48)
 r - a wand of polymorph (5/24)
Scrolls
 f - a scroll of random uselessness {unknown}
 o - a scroll of identify
Potions
 d - 2 potions of resistance {unknown}
 j - a potion of cure mutation
Comestibles
 c - a bread ration
 m - a chunk of flesh


   Skills:
 - Level 3.0 Fighting
 + Level 4.4 Maces & Flails
 - Level 1.7 Armour
 - Level 0.8 Dodging
 - Level 2.4 Invocations


You had 3 spell levels left.
You didn't know any spells.


Innate Abilities, Weirdness & Mutations

You are partially covered in yellow scales. (AC +2)
You are partially covered in sharp spines.

Dungeon Overview and Level Annotations

Branches:
Dungeon (3/15)

Altars:

Annotations:
D:3 Grinder

Vault maps used:
D:1:      eino_arrival_druids_welcome, st_stairs_8, minmay_domino_4
D:3:      ecumenical_altar_1, uniq_grinder, uniq_crazy_yiuf_cottage

Vanquished Creatures
  Crazy Yiuf (D:3)
  An adder (D:2)
  An ooze (D:3)
  A worm (D:2)
  5 leopard geckos
  A ball python (D:2)
  8 bats
  5 giant cockroaches
  5 goblins
  6 hobgoblins
  A jackal (D:1)
  A quokka (D:3)
  7 frilled lizards
  8 kobolds
  4 rats
55 creatures vanquished.

Notes
Turn   | Place    | Note
-------+----------+-------------------------------------------
     0 | Abyss:1  | Cacophonie the Demonspawn Abyssal Knight began the quest for the Orb.
     0 | Abyss:1  | Reached XP level 1. HP: 18/18 MP: 2/2
    29 | D:1      | Escaped the Abyss
   106 | D:1      | Reached skill level 2 in Maces & Flails
   230 | D:1      | Gained mutation: You are partially covered in yellow scales. (AC +2) [demonic ancestry]
   230 | D:1      | Reached XP level 2. HP: 24/24 MP: 3/3
   710 | D:1      | Reached skill level 3 in Maces & Flails
   802 | D:1      | Reached ** piety under Lugonu
   835 | D:2      | Gained mutation: You are partially covered in sharp spines. [demonic ancestry]
   835 | D:2      | Reached XP level 3. HP: 27/29 MP: 4/4
  1613 | D:3      | Reached XP level 4. HP: 33/35 MP: 5/5
  1624 | D:3      | Reached skill level 4 in Maces & Flails
  1686 | D:3      | Found a runed door.
  1690 | D:3      | Noticed Crazy Yiuf
  1696 | D:3      | Killed Crazy Yiuf
  1881 | D:3      | Noticed Grinder
  1891 | D:3      | Paralysed by Grinder for 3 turns
  2003 | D:3      | Found a faded altar of an unknown god.
  2150 | D:3      | Paralysed by Grinder for 4 turns
  2153 | D:3      | HP: 1/35 [Grinder (8)]
  2153 | D:3      | Slain by Grinder
